Map: Cactus Valley LE (Void)

Players

kaotan

  • Race: Zerg Zerg
  • Spawn Location: 5:00

Fropez - Winner!

  • Race: Protoss Protoss
  • League: Platinum
  • Spawn Location: 11:00

VOD

Have the link to the VOD?

Description

Time

  • Played on: Jan. 27, 2017, 7:59 p.m.
  • Length: 18:41
Show
View Real Time Build Order
Export as new Build Order

kaotan Zerg 

Build Orders: Hatch First 

Get SALT Encoding   

  12  0:02  Drone  
  13  0:09  Drone  
  14  0:17  Overlord  
  14  0:19  Extractor  
  13  0:24  Drone  
  14  0:36  Drone  
  15  0:47  Drone  
  16  0:58  Hatchery  
  16  1:00  Drone  
  16  1:17  Spawning Pool  
  15  1:21  Drone  
  17  1:25  Drone  
  17  1:28  Drone  
  18  1:33  Drone  
  18  1:36  Extractor  
  18  1:42  Drone  
  19  1:54  Overlord  
  19  2:04  Metabolic Boost  
  19  2:08  Drone  
  20  2:10  Drone  
  20  2:14  Queen  
  23  2:26  Lair  
  23  2:30  Drone  
  23  2:33  Drone  
  25  2:47  Spine Crawler  
  25  2:48  Zergling x4  
  25  2:51  Zergling x2  
  27  2:55  Zergling x2  
  28  3:00  Zergling x2  
  28  3:01  Zergling x2  
  28  3:05  Zergling x2  
  31  3:12  Zergling x4  
  33  3:18  Drone  
  34  3:20  Overlord  
  34  3:27  Drone  
  34  3:33  Drone  
  36  3:37  Extractor, Overlord  
  35  3:43  Drone  
  36  3:48  Drone  
  36  3:49  Drone x2  
  36  3:51  Drone  
  36  3:54  Drone  
  41  4:00  Drone  
  42  4:09  Spire  
  40  4:16  Queen  
  42  4:24  Drone x3  
  42  4:25  Drone  
  46  4:36  Drone x4  
  48  4:44  Drone  
  47  4:47  Drone  
  47  4:48  Drone  
  49  4:54  Spine Crawler  
  49  4:59  Extractor, Drone x2  
  49  5:09  Drone x2  
  51  5:22  Overlord, Zerg Flyer Weapons Level 1  
  51  5:23  Overlord  
  51  5:29  Overlord  
  51  5:35  Spine Crawler  
  50  5:41  Zergling x12  
  52  5:47  Zergling x2  
  52  5:48  Zergling x2  
  46  5:54  Zergling x4  
  46  5:57  Zergling x6  
  43  6:08  Zergling x4  
  40  6:16  Zergling x4  
  37  6:25  Drone  
  37  6:27  Drone  
  37  6:28  Drone x3  
  41  6:38  Mutalisk  
  43  6:40  Drone  
  43  6:45  Queen  
  46  6:50  Drone x2  
  48  6:58  Mutalisk x2, Drone x2  
  54  7:02  Mutalisk  
  54  7:07  Mutalisk  
  58  7:14  Mutalisk  
  60  7:20  Drone  
  61  7:24  Baneling Nest  
  61  7:26  Drone  
  61  7:27  Evolution Chamber  
  61  7:28  Zerg Flyer Weapons Level 2  
  60  7:30  Drone x4  
  64  7:38  Mutalisk  
  64  7:40  Mutalisk  
  68  7:52  Mutalisk x2  
  68  7:54  Mutalisk  
  68  7:55  Mutalisk  
  76  8:05  Overlord, Drone, Spore Crawler  
  76  8:18  Overlord  
  76  8:20  Overlord  
  76  8:27  Mutalisk  
  76  8:28  Mutalisk x3  
  84  8:36  Mutalisk x3  
  83  8:46  Mutalisk  
  79  8:51  Drone x2  
  78  8:57  Mutalisk  
  78  8:58  Overlord  
  80  9:07  Zergling x4  
  82  9:12  Zergling x2  
  82  9:15  Mutalisk  
  85  9:21  Zergling x4, Drone  
  88  9:24  Zergling x2  
  85  9:31  Mutalisk  
  87  9:39  Zergling x8  
  87  9:40  Zergling x2  
  92  9:47  Overlord  
  92  9:49  Drone  
  93  9:53  Zerg Melee Weapons Level 1  
  93  9:57  Zergling x2  
  94  10:09  Zergling x4  
  94  10:13  Zergling x2  
  97  10:19  Overlord, Drone x3  
  100  10:25  Zergling x6  
  100  10:26  Zergling x2  
  104  10:31  Hatchery  
  86  11:07  Mutalisk x2  
  86  11:08  Mutalisk x7  
  102  11:20  Infestation Pit  
  102  11:21  Zergling x4  
  102  11:26  Overseer x2  
  102  11:31  Spore Crawler  
  101  11:35  Mutalisk  
  101  11:36  Spore Crawler  
  102  11:40  Spore Crawler  
  102  11:44  Overseer  
  101  11:47  Zergling x8  
  101  11:48  Zergling x4  
  107  12:00  Pneumatized Carapace  
  107  12:08  Zerg Melee Weapons Level 2  
  107  12:10  Drone  
  107  12:11  Drone x7  
  107  12:12  Queen  
  117  12:17  Drone  
  118  12:26  Drone x4  
  118  12:27  Drone x2  
  124  12:31  Spore Crawler  
  124  12:32  Spine Crawler  
  124  12:34  Extractor  
  124  12:36  Spine Crawler  
  120  12:38  Drone  
  120  12:43  Drone x2  
  123  12:46  Spine Crawler  
  123  12:48  Extractor  
  114  13:09  Mutalisk  
  114  13:10  Mutalisk x4  
  118  13:17  Zergling x8  
  120  13:22  Mutalisk  
  120  13:25  Zergling x2  
  120  13:26  Overlord  
  121  13:27  Overlord  
  121  13:33  Overlord  
  119  13:42  Overlord x2  
  119  13:48  Overseer  
  119  13:49  Overseer  
  119  13:59  Zergling x12  
  119  14:00  Zergling x2  
  126  14:06  Drone  
  127  14:16  Zergling x6  
  130  14:31  Hatchery  
  129  14:38  Zergling x2  
  129  14:39  Zergling x6  
  132  14:55  Overlord  
  132  15:00  Hive  
  132  15:03  Hatchery  
  131  15:10  Spine Crawler  
  130  15:18  Zergling x12  
  136  15:21  Zerg Ground Armor Level 1  
  136  15:26  Zergling x4  
  138  15:36  Zergling x4  
  138  15:38  Zergling x2  
  141  15:48  Mutalisk  
  142  15:58  Mutalisk x2  
  138  16:19  Zergling x10  
  138  16:20  Zergling x10  
  148  16:26  Spine Crawler  
  148  16:30  Drone x2  
  149  16:46  Zergling x4  
  149  16:47  Zergling x10  
  145  17:00  Zergling x12  
  109  17:07  Drone x2  
  111  17:17  Drone x2  
  113  17:23  Ultralisk Cavern  
  113  17:26  Drone  
  113  17:27  Drone x4  
  103  17:47  Zergling x10  
  103  17:48  Zergling x4  
  69  17:51  Zergling x4  
  69  17:52  Zergling x4  
  70  18:00  Zergling x2  
  69  18:10  Zergling x6  
Show
View Real Time Build Order
Export as new Build Order

Fropez Protoss - Winner!

Build Orders: 1 Gate Expand 

Get SALT Encoding   

  12  0:00  Probe (Chrono Boost)  
  13  0:11  Probe (Chrono Boost)  
  14  0:18  Pylon  
  14  0:26  Probe (Chrono Boost)  
  15  0:37  Probe (Chrono Boost)  
  15  0:42  Gateway  
  16  0:44  Assimilator  
  16  1:13  Nexus  
  16  1:17  Pylon  
  16  1:22  Probe (Chrono Boost)  
  17  1:32  Probe (Chrono Boost)  
  18  1:35  Assimilator  
  18  1:43  Probe (Chrono Boost)  
  19  1:53  Probe (Chrono Boost)  
  20  2:04  Probe (Chrono Boost), Gateway  
  20  2:06  Gateway  
  21  2:14  Probe (Chrono Boost)  
  22  2:23  Cybernetics Core  
  22  2:25  Probe (Chrono Boost)  
  22  2:27  Probe (Chrono Boost)  
  24  2:35  Probe (Chrono Boost)  
  25  2:37  Probe (Chrono Boost)  
  26  2:44  Pylon  
  26  2:46  Probe (Chrono Boost)  
  26  2:49  Probe (Chrono Boost)  
  28  2:51  Assimilator  
  28  3:00  Mothership Core (Chrono Boost)  
  30  3:08  Adept x3  
  36  3:15  Pylon  
  36  3:23  Probe x2 (Chrono Boost)  
  36  3:26  Warp Gate  
  38  3:32  Twilight Council  
  38  3:33  Probe (Chrono Boost)  
  39  3:35  Adept  
  39  3:38  Adept  
  43  3:45  Adept  
  45  3:54  Pylon  
  46  3:57  Resonating Glaives, Probe (Chrono Boost)  
  46  4:08  Pylon  
  46  4:13  Probe (Chrono Boost)  
  46  4:14  Probe (Chrono Boost)  
  46  4:15  Adept x2  
  52  4:19  Adept  
  50  4:53  Probe x2 (Chrono Boost)  
  50  4:55  Pylon  
  50  4:56  Gateway  
  50  5:00  Pylon  
  50  5:11  Nexus  
  50  5:12  Gateway  
  50  5:13  Pylon  
  50  5:21  Probe x2 (Chrono Boost)  
  52  5:44  Blink  
  50  5:53  Stalker x2  
  50  5:54  Stalker  
  54  5:58  Pylon  
  54  6:00  Pylon  
  54  6:04  Pylon  
  54  6:07  Pylon  
  54  6:11  Forge  
  46  6:29  Gateway  
  46  6:30  Pylon, Protoss Ground Weapons Level 1  
  46  6:33  Gateway  
  46  6:35  Probe (Chrono Boost)  
  46  6:36  Probe (Chrono Boost)  
  46  6:37  Probe (Chrono Boost)  
  49  6:42  Stalker x2  
  49  6:43  Stalker x2  
  57  6:48  Stalker  
  57  6:54  Pylon  
  59  6:57  Pylon, Probe x3 (Chrono Boost)  
  59  7:01  Assimilator  
  62  7:06  Stalker x3  
  68  7:15  Pylon  
  68  7:16  Assimilator  
  68  7:19  Adept x2  
  74  7:23  Probe (Chrono Boost)  
  74  7:24  Probe x2 (Chrono Boost)  
  75  7:32  Gateway  
  75  7:34  Probe (Chrono Boost)  
  75  7:36  Probe (Chrono Boost)  
  77  7:42  Dark Shrine  
  77  7:43  Assimilator  
  77  7:45  Pylon  
  77  7:51  Stalker  
  77  7:52  Stalker x2  
  77  7:54  Stalker  
  85  8:04  Adept x3  
  86  8:17  Adept x3  
  86  8:18  Adept  
  94  8:24  Adept  
  94  8:25  Adept x2  
  100  8:28  Probe (Chrono Boost)  
  100  8:29  Probe x2 (Chrono Boost)  
  93  8:52  Stalker  
  93  8:53  Stalker x2  
  93  9:02  Photon Cannon  
  93  9:03  Photon Cannon  
  93  9:05  Photon Cannon  
  93  9:07  Photon Cannon  
  93  9:08  Stalker x2  
  99  9:11  Probe x2 (Chrono Boost)  
  99  9:19  Pylon  
  99  9:21  Probe (Chrono Boost)  
  99  9:23  Probe (Chrono Boost)  
  101  9:24  Protoss Ground Weapons Level 2  
  101  9:25  Pylon  
  95  9:32  Stalker  
  95  9:33  Stalker x2  
  99  9:45  Stalker x2  
  103  9:52  Stalker x2  
  107  10:03  Stalker x3  
  112  10:13  Stalker  
  112  10:14  Stalker x2  
  116  10:19  Pylon  
  118  10:26  Dark Templar x2  
  122  10:32  Probe x2 (Chrono Boost)  
  122  10:33  Probe (Chrono Boost)  
  109  10:43  Adept x2  
  109  10:44  Adept x3, Probe (Chrono Boost)  
  109  10:45  Adept  
  95  11:05  Probe (Chrono Boost)  
  95  11:06  Probe (Chrono Boost)  
  94  11:15  Pylon  
  94  11:18  Probe (Chrono Boost)  
  97  11:19  Probe (Chrono Boost)  
  97  11:20  Probe (Chrono Boost)  
  93  11:27  Nexus  
  93  11:29  Probe (Chrono Boost)  
  93  11:31  Probe (Chrono Boost)  
  95  11:33  Assimilator  
  95  11:36  Assimilator  
  95  11:39  Photon Cannon  
  95  11:41  Gateway  
  95  11:42  Probe (Chrono Boost)  
  95  11:43  Probe (Chrono Boost)  
  95  11:46  Pylon  
  96  11:47  Stalker  
  96  11:49  Protoss Ground Armor Level 1  
  96  11:53  Stalker  
  100  11:59  Stalker  
  102  12:13  Probe x2 (Chrono Boost)  
  102  12:14  Probe (Chrono Boost)  
  105  12:20  Stalker x2  
  109  12:30  Photon Cannon  
  109  12:36  Photon Cannon  
  109  12:40  Photon Cannon  
  109  12:43  Probe (Chrono Boost)  
  112  12:44  Probe x2 (Chrono Boost)  
  112  12:45  Probe (Chrono Boost)  
  113  12:58  Stalker x2  
  113  13:00  Stalker  
  113  13:02  Adept  
  114  13:09  Dark Templar  
  114  13:11  Dark Templar  
  81  13:21  Stalker  
  81  13:22  Stalker x2  
  87  13:29  Protoss Shields Level 1  
  87  13:31  Stalker x2  
  89  14:07  Templar Archives  
  81  14:23  Nexus  
  65  14:27  Pylon  
  65  14:29  Dark Templar x2  
  65  14:30  Dark Templar x3  
  67  14:33  Archon x2  
  67  14:35  Dark Templar  
  63  14:40  Archon  
  61  14:48  Dark Templar x2  
  61  14:52  Archon  
  65  15:13  Dark Templar x5  
  75  15:17  Archon x2  
  75  15:19  Stalker  
  77  15:23  Stalker  
  79  15:39  Stalker  
  81  15:44  Pylon, Gateway  
  81  15:48  Adept x2  
  85  15:51  Mothership Core (Chrono Boost)  
  87  16:00  Photon Cannon  
  87  16:19  High Templar x2  
  87  16:20  High Templar x2  
  95  16:31  Probe x2 (Chrono Boost)  
  99  16:32  Probe (Chrono Boost)  
  99  16:33  Probe (Chrono Boost)  
  99  16:37  Photon Cannon  
  99  16:40  Archon, Photon Cannon  
  99  16:41  Archon  
  95  16:50  High Templar  
  95  16:51  High Templar  
  99  16:55  Archon  
  89  17:07  Zealot x3  
  89  17:08  Zealot x4  
  104  17:16  Probe x2 (Chrono Boost)  
  104  17:17  Probe x2 (Chrono Boost)  
  107  17:26  Probe (Chrono Boost)  
  107  17:27  Probe (Chrono Boost)  
  107  17:29  Probe x2 (Chrono Boost)  
  111  17:42  High Templar x2, Probe x2 (Chrono Boost)  
  111  17:43  Probe (Chrono Boost)  
  118  17:46  Archon  
  110  17:58  Zealot  
  112  18:00  Probe x2 (Chrono Boost)  
  112  18:01  Probe x2 (Chrono Boost)  
  112  18:03  High Templar x2  
  120  18:15  Zealot  
  120  18:16  Zealot x3  
  120  18:17  Archon  
  120  18:19  Probe x2 (Chrono Boost)  
  132  18:20  Probe (Chrono Boost)  
  132  18:21  Probe (Chrono Boost)  
  132  18:26  Assimilator  
Tags
 
Add a new tag
Caveats
  • Supply blocks, unpowered buildings, or Contaminate may cause inaccurate times.
  • Supply counts are checked every 10 seconds.